 Dungeon Crawl Stone Soup version 0.24.0-13-gcf9b3192b9 (webtiles) character file.

Game seed: 1455943714886983994, levelgen mode: deterministic

415 Arum the Shield-Bearer (level 7, 0/56 HPs)
             Began as a Formicid Fighter on Nov 10, 2019.
             Was an Initiate of Ru.
             Slain by a scorpion (8 damage)
             ... on level 4 of the Dungeon.
             The game lasted 00:04:25 (3752 turns).

Arum the Shield-Bearer (Formicid Fighter)           Turns: 3752, Time: 00:04:25

Health: 0/56       AC:  8    Str: 17 (20) XL:     7   Next: 15%
Magic:  7/7        EV: 13    Int: 12 (13) God:    Ru [......]
Gold:   264        SH: 10    Dex: 16 (17) Spells: 6/6 levels left

rFire    + . .     SeeInvis +   a - +0 quarterstaff
rCold    + . .     Gourm    .   c - +0 shield
rNeg     . . .     Faith    .   b - +0 scale mail
rPois    +         Spirit   .   (helmet unavailable)
rElec    +         Reflect  .   n - -1 cloak (curse)
rCorr    +         Harm     .   t - +0 pair of gloves
MR       .....                  (no boots)
Stlth    ..........             (no amulet)
HPRegen  0.18/turn              w - ring of teleportation (curse)
MPRegen  0.10/turn              (no ring)

@: brilliant, agile, lethally poisoned (0 -> -9), resistant, very slightly
contaminated, invisible
A: permanent stasis, dig shafts and tunnels, four strong arms, antennae 3, no
stealth
a: Dig, Shaft Self, Renounce Religion


You were on level 4 of the Dungeon.
You worshipped Ru.
Ru was noncommittal.
You were very hungry.

You visited 1 branch of the dungeon, and saw 4 of its levels.

You collected 264 gold pieces.

Inventory:

Hand Weapons
 a - a +0 quarterstaff (weapon)
Missiles
 x - 3 javelins (quivered)
Armour
 b - a +0 scale mail (worn)
 c - a +0 shield (worn)
 n - a cursed -1 cloak (worn)
 t - a +0 pair of gloves (worn)
 y - a cursed +0 cloak
Jewellery
 w - a cursed ring of teleportation (left hand)
Scrolls
 e - 4 scrolls of fear {unknown}
 g - 3 scrolls of remove curse {unknown}
 h - a scroll of random uselessness {unknown}
 j - a scroll of teleportation {unknown}
 l - a scroll of blinking {unknown}
 m - a scroll of amnesia {unknown}
 u - 3 scrolls of identify {unknown}
 v - a scroll of enchant weapon {unknown}
Potions
 d - a potion of might
 p - a potion of haste
Comestibles
 f - 8 rations


   Skills:
 + Level 5.4 Fighting
 + Level 4.4 Staves
 - Level 3.2 Armour
 + Level 6.0 Shields


You had 6 spell levels left.
You didn't know any spells.
Your spell library was empty.

Dungeon Overview and Level Annotations

Branches:
Dungeon (4/15)
 Temple: D:4-7

Altars:
Fedhas
Makhleb
Ru
Wu Jian


Innate Abilities, Weirdness & Mutations

You cannot be hasted, slowed, berserked, paralysed or teleported.
You can dig through walls and to a lower floor.
Your four strong arms can wield two-handed weapons with a shield.
You have a pair of large antennae on your head. (SInv)
You cannot be stealthy.


Message History

You feel sick. The scorpion barely misses you.
You closely miss the scorpion.
The scorpion is heavily wounded.
* * * LOW HITPOINT WARNING * * *
You feel sick. You block the scorpion's attack.
Your scale mail prevents you from hitting the scorpion.
The scorpion is heavily wounded.
* * * LOW HITPOINT WARNING * * *
You feel sick. You block the scorpion's attack.
The scorpion completely misses you.
You hit the scorpion but do no damage.
The scorpion is heavily wounded.
* * * LOW HITPOINT WARNING * * *
You feel sick. The scorpion misses you.
You catch the helpless scorpion completely off-guard!
You hit the scorpion.
The scorpion is severely wounded.
* * * LOW HITPOINT WARNING * * *
You feel sick. The scorpion stings you!
You die...

### ... #?# #####
####.# ....## ....#
###..# #.s# { ##.##
#.@### ####..#
#....# ..[##.##
##.#.# ##.##..#
#.#.# #.###.####
#.#.# #.#
#..#<#.####.#.#
#.####.#.#........#
##......#.#####...##
......#.#.# #....#


You could see a scorpion.

Vanquished Creatures
  A scorpion (D:4)
  A hound (D:4)
  2 orc priests
  2 orc wizards (D:4)
  A bullfrog skeleton (D:4)
  A gnoll shaman (D:4)
  A hound skeleton (D:4)
  6 adders
  3 gnolls (D:4)
  An ooze (D:1)
  2 dart slugs
  A worm (D:3)
  4 leopard geckos
  6 orcs
  2 giant cockroaches (D:1)
  5 goblins
  6 hobgoblins
  7 kobolds
  5 bats
  4 frilled lizards
  A jackal skeleton (D:4)
  A leopard gecko skeleton (D:4)
  3 rats (D:2)
66 creatures vanquished.

Notes
Turn   | Place    | Note
-------+----------+-------------------------------------------
     0 | D:1      | Arum the Formicid Fighter began the quest for the Orb.
     0 | D:1      | Reached XP level 1. HP: 18/18 MP: 1/1
    18 | D:1      | Reached XP level 2. HP: 17/24 MP: 2/2
   523 | D:1      | Reached skill level 4 in Shields
   826 | D:1      | Reached XP level 3. HP: 30/30 MP: 3/3
  1192 | D:2      | Found an ornate altar of the Wu Jian Council.
  1273 | D:2      | Found a sacrificial altar of Ru.
  1279 | D:2      | Reached XP level 4. HP: 32/37 MP: 4/4
  1296 | D:2      | Became a worshipper of Ru the Awakened
  1419 | D:2      | Found a burning altar of Makhleb.
  2089 | D:3      | Reached XP level 5. HP: 26/42 MP: 5/5
  2793 | D:4      | Reached skill level 5 in Shields
  2818 | D:4      | Reached XP level 6. HP: 43/49 MP: 6/6
  2898 | D:4      | Reached skill level 5 in Fighting
  2947 | D:4      | Found a blossoming altar of Fedhas.
  3186 | D:4      | Gained mutation: You cannot be stealthy. [Ru sacrifice]
  3255 | D:4      | Reached XP level 7. HP: 54/56 MP: 7/7
  3408 | D:4      | Reached skill level 6 in Shields
  3752 | D:4      | Slain by a scorpion

Levels and vault maps discovered:
D:1:      lemuel_arrival_lava_pool, layout_loops_corners, patterned_corridor
D:2:      layout_rooms, nicolae_overflow_crystal_walls, lightli_temple_of_fire,
          nicolae_ru_sacrificial_ziggurat
D:3:      layout_loops_corners
D:4:      layout_basic, fedhas_ov_isle_minmay

Skill      XL: |  1  2  3  4  5  6  7 |
---------------+----------------------+-----
Shields        | 4 5 6 |  6.0
Fighting       | 4 5 |  5.4
Staves         | 3 4 |  4.4
Armour         | |  3.2

Action                   |  1- 3 |  4- 6 |  7- 9 || total
-------------------------+-------+-------+-------++-------
Melee: Quarterstaff      |    84 |   159 |    30 ||   273
Invok: Sacrifice Stealth |       |     1 |       ||     1
  Use: Potion            |       |       |     5 ||     5
 Stab: Invisible         |       |       |     1 ||     1
  Eat: Chunk             |     1 |     7 |       ||     8
Armor: Scale mail        |    51 |    42 |     5 ||    98
Dodge: Dodged            |    31 |    45 |    10 ||    86
Block: Shield            |    52 |    65 |    13 ||   130
